 Dungeon Crawl Stone Soup version 0.22-a0-580-gd5db89c (webtiles) character file.

58 galech the Skirmisher (level 4, 0/49 HPs)
             Began as an Ogre Berserker on July 2, 2018.
             Was a Believer of Trog.
             Slain by a worm (2 damage)
             ... on level 2 of the Dungeon.
             The game lasted 00:02:24 (974 turns).

galech the Skirmisher (Ogre Berserker)               Turns: 974, Time: 00:02:25

Health: 0/49       AC:  4    Str: 22    XL:     4   Next: 2%
Magic:  4/4        EV: 10    Int:  8    God:    Trog [**....]
Gold:   112        SH:  0    Dex:  8    Spells: 3/3 levels left

rFire    . . .     SeeInvis .   a - +0 mace
rCold    . . .     Gourm    +   (no shield)
rNeg     . . .     Faith    .   b - +0 animal skin
rPois    +         Spirit   .   (helmet restricted)
rElec    .         Reflect  .   (no cloak)
rCorr    .         Harm     .   (gloves unavailable)
MR       .....                  (boots unavailable)
Stlth    +.........             h - amulet of the gourmand
HPRegen  0.16/turn              e - ring of poison resistance
MPRegen  0.09/turn              i - +1 ring of protection

@: berserk cooldown, slowed, very slow
A: large, unfitting armour, tough skin 1
a: Berserk, Trog's Hand, Renounce Religion


You were on level 2 of the Dungeon.
You worshipped Trog.
Trog was pleased with you.
You were very full.

You visited 1 branch of the dungeon, and saw 2 of its levels.

You collected 112 gold pieces.

Inventory:

Hand Weapons
 a - a +0 mace (weapon)
Armour
 b - a +0 animal skin (worn)
Jewellery
 e - a ring of poison resistance (left hand)
 h - an amulet of the gourmand (around neck)
 i - a +1 ring of protection (right hand)
Scrolls
 f - a scroll of remove curse {unknown}
 g - 2 scrolls of enchant armour {unknown}
 m - a scroll of enchant weapon {unknown}
Potions
 d - a potion of curing {unknown}
 j - a potion of agility {unknown}
 l - a potion of magic {unknown}
Comestibles
 c - 3 rations
 k - 2 chunks of flesh


   Skills:
 + Level 4.5 Fighting
 + Level 3.6 Maces & Flails
 + Level 3.2 Dodging


You had 3 spell levels left.
You didn't know any spells.
Your spell library was empty.

Dungeon Overview and Level Annotations

Branches:
Dungeon (2/15)

Altars:
Hepliaklqana
Okawaru


Innate Abilities, Weirdness & Mutations

You are too large for most types of armour.
You have tough skin. (AC +1)


Message History

The rat bites you but does no damage. The rat completely misses you.
The rat bites you.
* * * LOW HITPOINT WARNING * * *
You can move again.
You see here a scroll labeled WURUEJ DEWA.
You hit the rat.
You kill the rat!
Trog accepts your kill.
An adder comes into view.
A rat comes into view.
You hit the worm.
The worm is heavily wounded.
The worm bites you.
* * * LOW HITPOINT WARNING * * *
The adder bites you.
* * * LOW HITPOINT WARNING * * *
You hit the worm but do no damage.
The worm is moderately wounded.
The adder bites you but does no damage. The worm bites you.
You die...

##.####.#.#### ... #
#.# #...## #.#. #.#
##....# . .
##.#####..#.# .. ##
...###...............
........###...##.....
.....##รท#...#..#.r..#
..#.........##..$####
# ............w@S.# ..
######
......####.####.#
#.##..... ...##.
#.....# # #........ ..
#.#....g..# ###....8.
# # #.......# #...8<8
....._..... ........8.
#.#.......#.#
####......
#..#.......#...
##..... #. ##.....##
.. #..###


You could see a worm, an adder and a rat.

Vanquished Creatures
  2 adders (D:2)
  A worm (D:2)
  2 dart slugs (D:1)
  A leopard gecko (D:2)
  5 giant cockroaches
  2 goblins (D:1)
  3 hobgoblins
  4 jackals (D:1)
  3 bats
  A frilled lizard (D:1)
  3 kobolds
  5 rats
32 creatures vanquished.

Notes
Turn   | Place    | Note
-------+----------+-------------------------------------------
     0 | D:1      | galech the Ogre Berserker began the quest for the Orb.
     0 | D:1      | Reached XP level 1. HP: 24/24 MP: 1/1
   193 | D:1      | Reached XP level 2. HP: 32/32 MP: 2/2
   592 | D:1      | Reached XP level 3. HP: 37/40 MP: 3/3
   706 | D:2      | Found a hazy altar of Hepliaklqana.
   940 | D:2      | Found an iron altar of Okawaru.
   963 | D:2      | Reached ** piety under Trog
   966 | D:2      | Reached XP level 4. HP: 12/49 MP: 4/4
   973 | D:2      | HP: 1/49 [adder (3)]
   974 | D:2      | Slain by a worm

Vault maps used:
D:1:      saegor_arrival_simple_e, minmay_pentomino_z4
D:2:      lemuel_round_altar, old_standard_altar, st_stairs_14

Skill      XL: |  1  2 |
---------------+-------+-----
Maces & Flails | 3 |  3.6
Dodging        | 3 |  3.2
Fighting       | |  4.5

Action                   |  1- 3 |  4- 6 || total
-------------------------+-------+-------++-------
Melee: Mace              |   116 |     3 ||   119
Invok: Berserk           |     1 |       ||     1
  Eat: Chunk             |    14 |       ||    14
Armor: Animal skin       |    44 |     3 ||    47
Dodge: Dodged            |    80 |     2 ||    82

Table legend:
 A = Spawn XP
 B = Non-spawn XP
 C = Spawn XP percentage of total XP
 D = Spawn monster count
 E = Non-spawn monster count
 F = Spawn count percentage of total count
 G = Total turns spent on level
                    A         B        C        D         E        F      G
               +---------+---------+-------+---------+---------+-------+---------
         Total |       0 |      84 |   0.0 |       0 |      32 |   0.0 |   974
               +---------+---------+-------+---------+---------+-------+---------
           D:1 |       0 |      37 |   0.0 |       0 |      20 |   0.0 |   653
           D:2 |       0 |      47 |   0.0 |       0 |      12 |   0.0 |   321
               +---------+---------+-------+---------+---------+-------+---------
